 Dungeon Crawl Stone Soup version 0.25-a0-201-g0bb11aece9 (webtiles) character file.

Game seed: 2910688333848737552, levelgen mode: deterministic

9594 floatRand the Covert (level 11, -2/67 HPs)
             Began as an Octopode Fighter on Dec 2, 2019.
             Was a Believer of Dithmenos.
             Killed from afar by a rime drake (33 damage)
             ... with a flash freeze
             ... on level 1 of the Lair of Beasts.
             The game lasted 00:14:31 (13253 turns).

floatRand the Covert (Octopode Fighter)            Turns: 13253, Time: 00:14:31

Health: -2/67      AC:  3    Str: 21    XL:     11   Next: 48%
Magic:  11/11      EV: 22    Int: 15    God:    Dithmenos [**....]
Gold:   673        SH:  0    Dex: 14    Spells: 10/10 levels left

rFire    . . .     SeeInvis .   y - +9 dire flail (protect)
rCold    . . .     Gourm    .   (shield currently unavailable)
rNeg     . . .     Faith    .   F - +2 hat
rPois    .         Spirit   .   (no amulet)
rElec    .         Reflect  .   j - +4 ring of intelligence
rCorr    .         Harm     .   o - ring of protection from magic
MR       +....                  m - +5 ring of strength
Stlth    +++++++...             H - +4 ring of evasion
HPRegen  0.21/turn              (no ring)
MPRegen  0.12/turn              (no ring)
                                (no ring)
                                (no ring)

@: lethally poisoned (-2 -> -3), wreathed by umbra
A: almost no armour, stealthy swim, amphibious, 8 rings, constrict 8, camouflage
1, gelatinous body 1
a: Shadow Step, Renounce Religion


You were on level 1 of the Lair of Beasts.
You worshipped Dithmenos.
Dithmenos was pleased with you.
You were not hungry.

You visited 3 branches of the dungeon, and saw 12 of its levels.
You also visited: Sewer.

You collected 673 gold pieces.

Inventory:

Hand Weapons
 a - a +0 long sword
 t - a +2 flail of protection
 u - a +3 dagger of draining
 y - a +9 dire flail of protection (weapon)
Missiles
 x - 10 curare-tipped darts (quivered)
Armour
 b - a +0 shield
 F - a +2 hat (worn)
Jewellery
 j - a +4 ring of intelligence (left tentacle)
 m - a +5 ring of strength (on tentacle)
 o - a ring of protection from magic (right tentacle)
 q - an uncursed ring of ice
 s - an uncursed amulet of magic regeneration
 H - a +4 ring of evasion (on tentacle)
 J - an uncursed ring of fire
Wands
 h - a wand of clouds (6)
 v - a wand of iceblast (9)
 z - a wand of acid (18)
 A - a wand of flame (38)
Scrolls
 i - a scroll of enchant weapon
 k - a scroll of magic mapping
 n - 2 scrolls of amnesia
 p - 11 scrolls of teleportation
 r - 5 scrolls of remove curse
 G - a scroll of enchant armour
 I - 2 scrolls of identify
 L - a scroll of random uselessness {unknown}
Potions
 c - 8 potions of might
 e - a potion of resistance
 f - a potion of ambrosia
 g - 7 potions of heal wounds
 l - 9 potions of curing
 w - 3 potions of lignification {unknown}
 B - 2 potions of agility
 C - 5 potions of flight
 D - 5 potions of brilliance
 E - a potion of haste
Comestibles
 d - 13 rations


   Skills:
 - Level 3.0 Fighting
 - Level 4.4 Long Blades
 * Level 10.0 Maces & Flails
 + Level 8.7 Dodging
 + Level 11.3 Stealth
 + Level 8.8 Shields


You had 10 spell levels left.
You didn't know any spells.
Your spell library contained the following spells:

 Spells                   Type           Power        Failure   Level  Hunger
 Magic Dart               Conj           #...         26%         1    ##.....
 Searing Ray              Conj           #.....       38%         2    ###....
 Dazzling Spray           Conj/Hex       #.....       63%         3    ####...
 Force Lance              Conj/Tloc      #.......     95%         4    #####..
 Fulminant Prism          Conj/Hex       #.........   95%         4    #####..
 Iskenderun's Mystic Bla  Conj           #.......     95%         4    #####..
 Bolt of Magma            Conj/Fire/Erth #.........   100%        5    ######.
 Iskenderun's Battlesphe  Conj/Chrm      #.......     100%        5    ######.
 Venom Bolt               Conj/Pois      #.........   100%        5    ######.
 Iron Shot                Conj/Erth      #.........   100%        6    #######
 Orb of Destruction       Conj           #.........   100%        7    #######
 Spellforged Servitor     Conj/Summ      #.........   100%        7    #######


Dungeon Overview and Level Annotations

Branches:
Dungeon (10/15)            Temple (1/1) D:7            Lair (1/6) D:8
    Orc (0/2) D:9           Sewer (visited)

Altars:
Ashenzari
Dithmenos
Elyvilon
Gozag
Hepliaklqana
Makhleb
Nemelex Xobeh
Qazlal
Ru
Trog
Uskayaw
Vehumet
Yredelemnul
Zin
The Shining One

Shops:
D:7 [   D:9 [   D:10 }


Innate Abilities, Weirdness & Mutations

You cannot wear most types of armour.
You are very stealthy in the water. (Stealth+)
You are amphibious.
You can wear up to eight rings at the same time.
You can use your tentacles to constrict eight enemies at once.
Your skin changes colour to match your surroundings (Stealth+).
Your rubbery body absorbs attacks. (AC +1, EV +1)


Message History

You feel sick. The rime drake breathes ice at you. The flash freeze hits you!
You are encased in ice.
There is an open door here.
The ice encasing you melts away.
You feel sick. The rime drake breathes ice at you. The flash freeze hits you!!
You are encased in ice.
You feel sick. The ice encasing you melts away.
You start resting.
You feel sick.
The rime drake is too close now for your liking.
The rime drake misses you.
You closely miss the rime drake. Your squeeze misses the rime drake.
You feel sick. The rime drake breathes ice at you. The flash freeze hits you!!
You die...

....###...##.......##
..†#......##........#
...#...#####.......##
...P..## #.......#
...+.## #.......#
...### ####.'### ...#
##.# #+## #..## #.@.#
#k### #####'####
#........# #...†....#
#........#
#P........#
..+P.......# .
#........#


You could see a rime drake.

Vanquished Creatures
  A hydra (Lair:1)
  Erica (D:10)
  Sonja (D:10)
  A spiny frog (Lair:1)
  Psyche (D:10)
  2 komodo dragons
  4 blink frogs (Lair:1)
  Sigmund (D:4)
  5 yaks (D:9)
  Edmund (D:4)
  2 water moccasins
  Duvessa (D:4)
  2 porcupines (Lair:1)
  2 orc warriors
  4 sky beasts
  3 ogres
  2 ice beasts
  A necrophage (D:5)
  2 centaurs
  2 crocodiles (D:7)
  5 bullfrogs
  Dowan (D:4)
  3 scorpions
  7 killer bees
  4 wights (D:10)
  5 howler monkeys
  4 crimson imps
  A centaur zombie (D:5)
  2 orc priests
  2 centaur skeletons
  A bullfrog skeleton (D:9)
  3 hounds
  A gnoll shaman (D:5)
  5 iguanas
  14 orc wizards
  3 worker ants
  2 killer bee zombies
  A hound zombie (D:7)
  2 hound skeletons
  5 gnolls
  14 adders
  8 river rats
  3 shadow imps
  3 oozes
  4 worms
  4 dart slugs
  7 leopard geckos
  48 orcs
  9 bats
  3 giant cockroaches
  10 goblins
  12 hobgoblins
  5 jackals
  23 kobolds
  4 quokkas
  8 ball pythons
  A ball python zombie (D:5)
  3 frilled lizards
  A jackal skeleton (D:4)
  A leopard gecko zombie (D:5)
  21 rats
  A plant (D:8)
303 creatures vanquished.

Notes
Turn   | Place    | Note
-------+----------+-------------------------------------------
     0 | D:1      | floatRand the Octopode Fighter began the quest for the Orb.
     0 | D:1      | Reached XP level 1. HP: 16/16 MP: 1/1
   176 | D:1      | Reached skill level 1 in Stealth
   176 | D:1      | Reached XP level 2. HP: 6/21 MP: 2/2
   664 | D:1      | Reached XP level 3. HP: 26/26 MP: 3/3
   778 | D:1      | Reached skill level 2 in Stealth
  1149 | D:2      | Reached XP level 4. HP: 29/31 MP: 4/4
  1202 | D:2      | Found an opulent altar of Gozag.
  1791 | D:2      | Reached skill level 3 in Stealth
  1982 | D:2      | Reached XP level 5. HP: 35/36 MP: 5/5
  2433 | D:3      | Found a radiant altar of Vehumet.
  2696 | D:3      | Found a sacrificial altar of Ru.
  2812 | D:3      | Reached skill level 4 in Stealth
  2812 | D:3      | Reached XP level 6. HP: 19/42 MP: 6/6
  3590 | D:4      | Noticed Dowan
  3640 | D:4      | Noticed Sigmund
  3672 | D:3      | HP: 1/42 [poisoned by a worker ant]
  3942 | D:4      | Noticed Edmund
  4009 | D:4      | Killed Sigmund
  4009 | D:4      | Reached skill level 5 in Stealth
  4009 | D:4      | Reached XP level 7. HP: 24/46 MP: 7/7
  4269 | D:4      | Found a bloodstained altar of Trog.
  4274 | D:4      | Killed Edmund
  4274 | D:4      | Reached skill level 5 in Dodging
  4274 | D:4      | Reached skill level 5 in Shields
  4564 | D:4      | Noticed Duvessa
  4569 | D:4      | Killed Duvessa
  4569 | D:4      | Reached skill level 1 in Maces & Flails
  4571 | D:4      | Killed Dowan
  4571 | D:4      | Reached skill level 6 in Stealth
  4571 | D:4      | Reached XP level 8. HP: 44/52 MP: 8/8
  4915 | D:5      | Entered Level 5 of the Dungeon
  5037 | D:5      | Found a glowing drain.
  5041 | Sewer    | Entered a sewer
  5825 | D:5      | Reached skill level 7 in Stealth
  6420 | D:5      | Found a sacrificial altar of Ru.
  6705 | D:5      | Reached XP level 9. HP: 56/56 MP: 9/9
  7014 | D:6      | Reached skill level 5 in Maces & Flails
  7578 | D:6      | Reached skill level 8 in Stealth
  7842 | D:7      | Found Piskumoa's Armour Emporium.
  8092 | D:7      | Found a glowing golden altar of the Shining One.
  8178 | D:7      | Found a staircase to the Ecumenical Temple.
  8186 | Temple   | Entered the Ecumenical Temple
  8202 | Temple   | Became a worshipper of Dithmenos the Shadowed
  8419 | D:7      | Found a glowing silver altar of Zin.
  8420 | D:7      | Found a white marble altar of Elyvilon.
  8761 | D:8      | Found a staircase to the Lair.
  8762 | D:8      | Noticed a komodo dragon
  8825 | D:8      | Found a hide-covered altar of Uskayaw.
  9034 | D:8      | Found a shattered altar of Ashenzari.
  9512 | D:8      | Killed a komodo dragon
  9512 | D:8      | Reached skill level 9 in Stealth
  9512 | D:8      | Reached XP level 10. HP: 63/63 MP: 10/10
  9731 | D:9      | Found a staircase to the Orcish Mines.
  9731 | D:9      | Found Arehifub's Armour Shoppe.
 10956 | D:10     | Entered Level 10 of the Dungeon
 10960 | D:10     | Found Ruutiol's Gadget Boutique.
 11035 | D:10     | Reached * piety under Dithmenos
 11137 | D:10     | Noticed Sonja
 11153 | D:10     | Killed Sonja
 11153 | D:10     | Reached skill level 10 in Stealth
 11585 | D:10     | Found a hazy altar of Hepliaklqana.
 11734 | D:10     | Noticed Psyche
 11755 | D:10     | Noticed Erica
 11804 | D:10     | Killed Erica
 11804 | D:10     | Reached XP level 11. HP: 51/67 MP: 11/11
 12056 | D:10     | Killed Psyche
 12495 | Lair:1   | Entered Level 1 of the Lair of Beasts
 12495 | Lair:1   | Noticed a four-headed hydra
 12503 | Lair:1   | Killed a four-headed hydra
 12503 | Lair:1   | Reached skill level 11 in Stealth
 12872 | Lair:1   | Reached ** piety under Dithmenos
 13245 | Lair:1   | Reached skill level 10 in Maces & Flails
 13253 | Lair:1   | Killed from afar by a rime drake

Levels and vault maps discovered:
D:1:      dpeg_arrival_simpleton_c, layout_basic, grunt_decor_cap, minivault_5,
          eino_curves_04
D:2:      kennysheep_six_static_rooms, layout_loops_cross,
          nicolae_gozag_cash_rules_everything_around_me, minmay_distorted
D:3:      layout_basic, lemuel_doored_altar, first_ration,
          nicolae_ru_great_annihilating_truth
D:4:      lemuel_upstairs_altar, layout_cave_pods, bloody_trog,
          minmay_checkerbox, uniq_duvessa, uniq_sigmund, uniq_edmund
D:5:      layout_gridville, basic_altar, lightli_sewer_entry_pipes
D:6:      layout_layer_cave
D:7:      layout_loops_ring, good_gods_temple_1,
          minmay_temple_entry_drinking_statues, serial_shops, nicolae_shop_trees
D:8:      layout_basic, eat_drink_and_be_merry_uskayaw, ashenzari_altar_1,
          david_lair_shrubbed
D:9:      layout_gridville, orc_david_3, columned_hall_lemuel
D:10:     layout_gridville, serial_shops, nicolae_shop_trees, basic_altar,
          uniq_psyche, uniq_erica, uniq_sonja
Temple:   eino_temple_water
Lair:1:   layout_roguey

Skill      XL: |  1  2  3  4  5  6  7  8  9 10 11 |
---------------+----------------------------------+-----
Stealth        | 1 2 3 4 5 6 7 9 10 11 | 11.3
Long Blades    | 3 4 |  4.4
Dodging        | 4 5 6 7 8 |  8.7
Shields        | 4 5 6 7 8 |  8.8
Maces & Flails | 1 4 6 9 10 | 10.0
Fighting       | |  3.0

Action                   |  1- 3 |  4- 6 |  7- 9 | 10-12 || total
-------------------------+-------+-------+-------+-------++-------
Melee: Long sword        |    36 |    56 |       |       ||    92
       Constrict         |    14 |    37 |    50 |    25 ||   126
       Tentacles         |    11 |    24 |    36 |    49 ||   120
       Dagger            |       |    66 |    16 |       ||    82
       Dire flail        |       |       |   240 |   175 ||   415
  Use: Scroll            |       |     6 |    10 |     6 ||    22
       Potion            |       |     2 |       |     2 ||     4
 Stab: Sleeping          |     4 |    14 |    37 |    10 ||    65
       Distracted        |       |       |     1 |     1 ||     2
  Eat: Chunk             |     1 |     8 |    14 |     9 ||    32
       Ration            |       |       |     1 |     1 ||     2
Armor: Skin              |     2 |    10 |    50 |    20 ||    82
Dodge: Dodged            |    17 |    49 |   163 |   145 ||   374
Block: Shield            |    16 |    54 |     9 |       ||    79
       Rpst.: Long sword |     2 |     5 |       |       ||     7

Table legend:
 A = Non-vault XP
 B = Vault XP
 C = Vault XP percentage of total XP
 D = Non-vault monster count
 E = Vault monster count
 F = Vault count percentage of total count
                 A         B        C        D         E       F
            +---------+---------+-------+---------+---------+-------
      Total |   10044 |    3662 |  26.7 |     222 |      80 |  26.5
            +---------+---------+-------+---------+---------+-------
        D:1 |      55 |       0 |   0.0 |      16 |       0 |   0.0
        D:2 |      80 |      30 |  27.3 |      24 |       7 |  22.6
        D:3 |     220 |      77 |  25.9 |      30 |       5 |  14.3
        D:4 |      88 |     662 |  88.3 |      15 |       6 |  28.6
        D:5 |     966 |      56 |   5.5 |      30 |       6 |  16.7
        D:6 |     711 |       0 |   0.0 |      16 |       0 |   0.0
        D:7 |     889 |       0 |   0.0 |      19 |       0 |   0.0
        D:8 |     311 |     367 |  54.1 |       8 |       3 |  27.3
        D:9 |    1825 |     133 |   6.8 |      20 |       2 |   9.1
       D:10 |    1911 |    2169 |  53.2 |      34 |       3 |   8.1
     Lair:1 |    2988 |       0 |   0.0 |      10 |       0 |   0.0
      Sewer |       0 |     168 | 100.0 |       0 |      48 | 100.0
            +---------+---------+-------+---------+---------+-------
